[Event "Titled Tuesday Blitz October 25 Late 2022"]
[White "Moreno Perez, Tobias Sebastian"]
[Black "Boskovic, Drasko"]
[WhiteFideId "186716"]
[BlackFideId "927368"]
[WhiteElo "2472"]
[BlackElo "2388"]
[Result "1-0"]
[Round "04"]
[TimeControl "180+1"]
[Date "2022.10.26"]
[WhiteClock "0:01:44"]
[BlackClock "0:01:07"]

1. d4 Nf6 2. Nf3 g6 3. c4 Bg7 4. Nc3 d5 5. cxd5 Nxd5 6. Qa4+ Bd7 7. Qb3 Nb6 8. e4 O-O 9. h3 a5 10. Be3 a4 11. Qc2 Nc6 12. Rd1 Nb4 13. Qb1 e6 14. a3 Na6 15. Be2 Qe7 16. O-O c5 17. Bxa6 Rxa6 18. dxc5 Nc4 19. Bg5 f6 20. Bf4 e5 21. Bc1 Be6 22. Nd5 Qxc5 23. Qc2 b5 24. Be3 Nxe3 25. Qxc5 Nxd1 26. Rxd1 1-0


[Site "https://www.chess.com"]

[Event "Titled Tuesday Blitz October 25 Late 2022"]
[White "Muhammad, Shahzeb"]
[Black "Melikyan, Gnel"]
[WhiteFideId "7804806"]
[BlackFideId "54109990"]
[WhiteElo "2398"]
[BlackElo "2138"]
[Result "1-0"]
[Round "04"]
[TimeControl "180+1"]
[Date "2022.10.26"]
[WhiteClock "0:00:32"]
[BlackClock "0:00:29"]

1. e4 h6 2. d4 d6 3. Nc3 e5 4. Nf3 Nc6 5. Bb5 exd4 6. Qxd4 Bd7 7. Bxc6 Bxc6 8. Bf4 Qf6 9. Qd2 g5 10. Be3 Bg7 11. Bd4 Qg6 12. O-O-O Ne7 13. Rhe1 O-O-O 14. Bxg7 Qxg7 15. Nd4 Rhe8 16. f4 gxf4 17. Qxf4 Qxg2 18. Qxf7 Qxh2 19. Ne6 Qe5 20. Nxd8 Kxd8 21. Rg1 a6 22. a3 Bd7 23. Nd5 Qxe4 24. Nf6 Qf4+ 25. Kb1 Qf5 26. Rde1 Bb5 27. Rxe7 Rxe7 28. Rg8+ Be8 29. Rxe8+ 1-0


[Site "https://www.chess.com"]

[Event "Titled Tuesday Blitz October 25 Late 2022"]
[White "Naroditsky, Daniel"]
[Black "Predke, Alexandr"]
[WhiteFideId "2026961"]
[BlackFideId "24107581"]
[WhiteElo "3165"]
[BlackElo "2851"]
[Result "1-0"]
[Round "04"]
[TimeControl "180+1"]
[Date "2022.10.26"]
[WhiteClock "0:00:03"]
[BlackClock "0:00:02"]

1. e4 e5 2. Nf3 Nc6 3. Bb5 a6 4. Ba4 Nge7 5. Nc3 g6 6. d4 exd4 7. Nd5 Bg7 8. Bg5 b5 9. Nxd4 bxa4 10. Nxc6 dxc6 11. Bxe7 Qd7 12. Nf6+ Bxf6 13. Bxf6 Qxd1+ 14. Rxd1 O-O 15. f3 Be6 16. a3 h5 17. Kf2 Rfb8 18. h4 c5 19. Rd2 Rb6 20. Rhd1 Kh7 21. Be5 Rc8 22. Ke3 Rbb8 23. Bf6 Rb6 24. Kf4 Rbb8 25. g4 hxg4 26. fxg4 c4 27. Rh2 Rb5 28. e5 Rxb2 29. Kg5 Rg8 30. Rhd2 Rbb8 31. Rd4 Ra8 32. R1d2 Rab8 33. Rh2 Rb1 34. Rhd2 Rg1 35. Rf2 Rb8 36. Rff4 Rg2 37. Rxc4 Bxc4 38. Rxc4 Rb7 39. Rd4 Rb8 40. Rd7 Kg8 41. Rxc7 Rg3 42. e6 fxe6 43. Be5 Rg2 44. Rg7+ Kf8 45. Rh7 Rb5 46. Kf6 Rf2+ 47. Kxe6 Rxe5+ 48. Kxe5 Kg8 49. Ra7 Rxc2 50. Rxa6 Kg7 51. Ra7+ Kg8 52. Rxa4 Kg7 53. Ra7+ Kg8 54. Kf6 Rc6+ 55. Kg5 Kh8 56. a4 Kg8 57. a5 Kh8 58. a6 Kg8 59. Kf4 Kh8 60. Ke5 Kg8 61. g5 Rb6 62. Kd5 Rb5+ 63. Kc6 Rb4 64. Rb7 1-0


[Site "https://www.chess.com"]

[Event "Titled Tuesday Blitz October 25 Late 2022"]
[White "Novik, Maxim"]
[Black "Shipov, Sergei"]
[WhiteFideId "4102924"]
[BlackFideId "4113624"]
[WhiteElo "2312"]
[BlackElo "2742"]
[Result "0-1"]
[Round "04"]
[TimeControl "180+1"]
[Date "2022.10.26"]
[WhiteClock "0:00:03"]
[BlackClock "0:00:43"]

1. e4 e6 2. d3 d5 3. Nd2 c5 4. Ngf3 Nc6 5. g3 Nf6 6. Bg2 g6 7. O-O Bg7 8. Re1 O-O 9. c3 a5 10. e5 Nd7 11. d4 a4 12. Nf1 b5 13. h4 b4 14. h5 a3 15. h6 Bh8 16. cxb4 axb2 17. Bxb2 Nxb4 18. a3 Nc6 19. dxc5 Ba6 20. N1h2 Rb8 21. Rb1 Nxc5 22. Ng4 Nd3 23. Re2 Qb6 24. Rd2 Qb3 25. Qxb3 Rxb3 26. Bf1 Rfb8 27. Bxd3 Bxd3 28. Rc1 Bc4 29. Bd4 Rxf3 30. Be3 Nxe5 31. Nxe5 Bxe5 32. Kg2 Rxe3 33. fxe3 f5 34. Rdc2 Kf7 35. a4 Kf6 36. Kf3 Kg5 37. Rxc4 dxc4 38. Rxc4 Kxh6 39. Rc6 Rb3 40. Rxe6 Bc7 41. Rc6 Bb8 42. a5 Ra3 43. a6 Ba7 44. Re6 Kg5 45. Ke2 Kg4 46. Re7 Bxe3 47. Rxe3 Rxa6 0-1


[Site "https://www.chess.com"]

[Event "Titled Tuesday Blitz October 25 Late 2022"]
[White "Omariev, Maksim"]
[Black "Stanisz, Patryk"]
[WhiteFideId "4193423"]
[BlackFideId "1123106"]
[WhiteElo "2425"]
[BlackElo "2069"]
[Result "0-1"]
[Round "04"]
[TimeControl "180+1"]
[Date "2022.10.26"]
[WhiteClock "0:02:11"]
[BlackClock "0:00:09"]

1. g4 d5 2. Bg2 Bxg4 3. c4 c6 4. Qb3 Nd7 5. cxd5 cxd5 6. Bxd5 e6 7. Bg2 Ngf6 8. Nc3 Rb8 9. d4 Bd6 10. h3 Bh5 11. Nb5 Nb6 12. Nf3 O-O 13. Bg5 Be7 14. Bf4 Ra8 15. Rc1 Nbd5 16. Be5 a6 17. Nc7 Rc8 18. Nxd5 Rxc1+ 19. Kd2 Rxh1 20. Nxe7+ Qxe7 21. Bxh1 Rd8 22. e3 Ne4+ 23. Ke1 Rc8 24. Kf1 Rc1+ 25. Kg2 Rxh1 26. Kxh1 Bxf3+ 27. Kh2 f6 28. Bg3 Nxg3 29. fxg3 Bd5 30. Qc3 Qd7 31. b3 Qc6 32. Qb4 Qc2+ 33. Kg1 Qg2# 0-1


[Site "https://www.chess.com"]

[Event "Titled Tuesday Blitz October 25 Late 2022"]
[White "Osiecki, Stanislaw"]
[Black "Bettalli, Francesco"]
[WhiteFideId "1102990"]
[BlackFideId "2816453"]
[WhiteElo "2088"]
[BlackElo "2216"]
[Result "0-1"]
[Round "04"]
[TimeControl "180+1"]
[Date "2022.10.26"]
[WhiteClock "0:00:44"]
[BlackClock "0:02:35"]

1. e4 e5 2. Nf3 Nf6 3. d4 Nxe4 4. Bd3 d5 5. dxe5 c5 6. Bxe4 dxe4 7. Qxd8+ Kxd8 8. Ng5 Ke8 9. Nxe4 Nc6 10. f4 Bf5 11. Nbc3 Nb4 12. O-O Nxc2 13. Rb1 Nd4 14. h3 h5 15. Re1 Be7 16. Nd6+ Bxd6 17. exd6+ Kd7 18. Ne4 Rhe8 19. Nxc5+ Kxd6 20. Nxb7+ Kc7 21. Rxe8 Rxe8 22. Ra1 Kxb7 23. Bd2 Re2 24. Bc3 Nc2 25. Rc1 Ne3 26. Bxg7 Be4 27. Be5 Rxg2+ 28. Kh1 Rc2+ 0-1


[Site "https://www.chess.com"]

[Event "Titled Tuesday Blitz October 25 Late 2022"]
[White "Osmak, Yuliia"]
[Black "Huber, Benedikt"]
[WhiteFideId "14101602"]
[BlackFideId "12923583"]
[WhiteElo "2328"]
[BlackElo "2199"]
[Result "1-0"]
[Round "04"]
[TimeControl "180+1"]
[Date "2022.10.26"]
[WhiteClock "0:00:33"]
[BlackClock "0:00:29"]

1. d4 e6 2. c4 f5 3. Nc3 Bb4 4. Qc2 Nf6 5. e3 O-O 6. Bd3 b6 7. Ne2 Bb7 8. f3 c5 9. a3 Bxc3+ 10. Qxc3 d5 11. O-O Nbd7 12. b4 Rc8 13. dxc5 bxc5 14. b5 Qe7 15. Bb2 Nb6 16. a4 Rfd8 17. a5 Nxc4 18. Bxc4 dxc4 19. Qxc4 Rd2 20. Bxf6 Qxf6 21. Nf4 Bd5 22. Nxd5 exd5 23. Qc1 Qb2 24. Qxb2 Rxb2 25. Rfb1 Rxb1+ 26. Rxb1 Kf7 27. Kf2 Ke6 28. Ke2 Rb8 29. Kd3 Kd6 30. e4 c4+ 31. Kd4 fxe4 32. fxe4 dxe4 33. Kxc4 Ke5 34. b6 axb6 35. axb6 Rc8+ 36. Kb5 e3 37. b7 Rb8 38. Kc6 Ke4 39. Kc7 Rxb7+ 40. Kxb7 Kd3 41. Kc6 e2 42. Kd5 Kd2 43. Ke6 e1=Q+ 44. Rxe1 Kxe1 45. Kf7 Kf2 46. Kxg7 Kxg2 47. h4 1-0


[Site "https://www.chess.com"]

[Event "Titled Tuesday Blitz October 25 Late 2022"]
[White "Ozates, Tuna"]
[Black "Szente Varga, Fruzsina"]
[WhiteFideId "6354521"]
[BlackFideId "712264"]
[WhiteElo "2151"]
[BlackElo "1994"]
[Result "1-0"]
[Round "04"]
[TimeControl "180+1"]
[Date "2022.10.26"]
[WhiteClock "0:01:12"]
[BlackClock "0:00:18"]

1. b3 Nf6 2. Bb2 g6 3. Bxf6 exf6 4. c4 Bg7 5. Nc3 O-O 6. g3 c6 7. Bg2 d6 8. e3 f5 9. Nge2 Be6 10. O-O d5 11. cxd5 cxd5 12. d4 Nc6 13. Rb1 h5 14. h4 g5 15. hxg5 Qxg5 16. Nf4 h4 17. gxh4 Qxh4 18. Ncxd5 Bxd5 19. Nxd5 Rfd8 20. Qf3 Rd6 21. Qf4 Qxf4 22. Nxf4 Bh6 23. d5 Nb4 24. a3 Bxf4 25. axb4 Be5 26. Rbc1 Rd7 27. b5 Kf8 28. f4 Bc7 29. Kf2 Bb6 30. Rh1 Ke7 31. Rh5 Rg8 32. Bf3 Kf6 33. Rh6+ Rg6 34. Rh8 Re7 35. Rc3 Rd7 36. Rd3 Ke7 37. Rh5 Kf6 38. Bg2 Rg8 39. Bh3 Re8 40. Rxf5+ Kg7 41. Rg5+ Kf8 42. Bxd7 Re7 43. Bf5 1-0


[Site "https://www.chess.com"]

[Event "Titled Tuesday Blitz October 25 Late 2022"]
[White "Ozdemir, Serhan Berat"]
[Black "Kirillov, Dmitry"]
[WhiteFideId "6374611"]
[BlackFideId "34180572"]
[WhiteElo "2016"]
[BlackElo "2095"]
[Result "1-0"]
[Round "04"]
[TimeControl "180+1"]
[Date "2022.10.26"]
[WhiteClock "0:00:03"]
[BlackClock "0:00:02"]

1. e4 c6 2. d4 d5 3. exd5 cxd5 4. c4 Nc6 5. Nc3 Nf6 6. Bg5 e6 7. Nf3 Be7 8. Bd3 O-O 9. O-O h6 10. Be3 dxc4 11. Bxc4 a6 12. Qe2 b5 13. Bb3 Bb7 14. Rfd1 Na5 15. Bc2 Rc8 16. Rac1 Nc4 17. Bb1 Re8 18. Ne5 Nxe3 19. Qxe3 Qb6 20. Ne2 Red8 21. Rxc8 Rxc8 22. Nf4 Rd8 23. h3 Bc5 24. Ne2 Bd6 25. Rc1 Rc8 26. Re1 Bb4 27. Rd1 Rd8 28. a3 Be7 29. Ba2 Ba8 30. Nf4 b4 31. Ng4 Nxg4 32. hxg4 Qc6 33. d5 Qd6 34. g3 bxa3 35. bxa3 Qxa3 36. Qxa3 Bxa3 37. Rd3 e5 38. Rxa3 exf4 39. gxf4 Rd6 40. Rd3 Kf8 41. f3 Ke7 42. Kf2 f6 43. Ke3 a5 44. Kd4 Rb6 45. Kc5 Rb2 46. Bc4 Kd7 47. Re3 Rc2 48. Re6 a4 49. Ra6 Rc3 50. Rxa4 Bb7 51. Ra7 Kc8 52. d6 Rxf3 53. Rxb7 Kxb7 54. Bd5+ Kc8 55. Bxf3 Kd7 56. f5 g5 57. fxg6 1-0


[Site "https://www.chess.com"]

[Event "Titled Tuesday Blitz October 25 Late 2022"]
[White "Ozen, Bahadir"]
[Black "Danielyan, Vahe"]
[WhiteFideId "6337058"]
[BlackFideId "13304828"]
[WhiteElo "2503"]
[BlackElo "2421"]
[Result "1-0"]
[Round "04"]
[TimeControl "180+1"]
[Date "2022.10.26"]
[WhiteClock "0:00:43"]
[BlackClock "0:00:02"]

1. g3 g6 2. Bg2 Bg7 3. c4 d6 4. Nc3 Nf6 5. d3 O-O 6. Rb1 e5 7. b4 Nc6 8. Bg5 h6 9. Bxf6 Bxf6 10. e3 Bg7 11. Nge2 a6 12. O-O Ne7 13. a4 c6 14. b5 axb5 15. axb5 Be6 16. bxc6 bxc6 17. Rb7 d5 18. cxd5 cxd5 19. d4 Nc6 20. dxe5 Nxe5 21. Nxd5 Kh8 22. Ndf4 Bg4 23. Qxd8 Raxd8 24. h3 Bc8 25. Ra7 Bf5 26. Nd4 Bc8 27. Rc1 g5 28. Nh5 Nd3 29. Rcc7 Bxd4 30. exd4 Bf5 31. Nf6 Kg7 32. Nd5 Be6 33. Ra5 Rb8 34. Ne3 Rb1+ 35. Kh2 Nxf2 36. d5 Bc8 37. Ra8 Bb7 38. Nf5+ Kf6 39. Rxf8 Kxf5 40. Rcxf7+ Ke5 41. Rxf2 1-0


[Site "https://www.chess.com"]

[Event "Titled Tuesday Blitz October 25 Late 2022"]
[White "Papasimakopoulos, Alexandros"]
[Black "Gogolev, Artem"]
[WhiteFideId "4244125"]
[BlackFideId "4116615"]
[WhiteElo "2357"]
[BlackElo "2178"]
[Result "1-0"]
[Round "04"]
[TimeControl "180+1"]
[Date "2022.10.26"]
[WhiteClock "0:01:55"]
[BlackClock "0:00:43"]

1. d4 Nf6 2. c4 e6 3. Nc3 Bb4 4. Qc2 d5 5. cxd5 Qxd5 6. Nf3 O-O 7. a3 Bxc3+ 8. bxc3 c5 9. c4 Qe4 10. Qxe4 Nxe4 11. e3 b6 12. Bd3 Bb7 13. Bb2 Nd7 14. Ke2 Rfd8 15. Rhd1 Rac8 16. a4 a5 17. Nd2 Nxd2 18. Rxd2 f6 19. g3 Kf7 20. Rb1 cxd4 21. exd4 Ba6 22. Rc2 Rc7 23. Rbc1 Rdc8 24. f4 Nb8 25. c5 Bxd3+ 26. Kxd3 Na6 27. Ba3 bxc5 28. dxc5 Rc6 29. Kc4 Nxc5 30. Kb5 1-0


[Site "https://www.chess.com"]

[Event "Titled Tuesday Blitz October 25 Late 2022"]
[White "Papp, Levente"]
[Black "Estrada Nieto, Julian"]
[WhiteFideId "751243"]
[BlackFideId "5101018"]
[WhiteElo "2380"]
[BlackElo "2252"]
[Result "1/2-1/2"]
[Round "04"]
[TimeControl "180+1"]
[Date "2022.10.26"]
[WhiteClock "0:00:03"]
[BlackClock "0:00:25"]

1. b3 d5 2. Bb2 Nf6 3. Nf3 Bg4 4. Ne5 Bf5 5. h3 Nbd7 6. g4 Nxe5 7. gxf5 Nc6 8. e3 Qd7 9. Qf3 O-O-O 10. d4 e6 11. fxe6 fxe6 12. Nd2 Bb4 13. O-O-O Rhf8 14. Qg2 Qd6 15. Bd3 g6 16. f4 Ba3 17. Nf3 Nb4 18. Bxa3 Nxd3+ 19. cxd3 Qxa3+ 20. Qb2 Qxb2+ 21. Kxb2 Nd7 22. h4 Rf5 23. Ng5 Nf8 24. h5 h6 25. Nf3 g5 26. Ne5 gxf4 27. e4 dxe4 28. dxe4 Rf6 29. Ng4 Rf7 30. Nxh6 Rh7 31. Ng4 Nd7 32. h6 Rg8 33. Rh4 Rg6 34. Rf1 Nf6 35. Rxf4 Nxg4 36. Rhxg4 Rxg4 37. Rxg4 Rxh6 38. Kc3 Rh2 39. a4 Kd7 40. Rg7+ Kc6 41. Kb4 Rd2 42. Kc4 a5 43. Rg6 Kd7 44. Rg7+ Kd8 45. Rg6 Kd7 46. Rg7+ Kc6 47. Rg6 Kd7 1/2-1/2


[Site "https://www.chess.com"]

[Event "Titled Tuesday Blitz October 25 Late 2022"]
[White "Paravyan, David"]
[Black "Dilanyan, Grigor"]
[WhiteFideId "4194985"]
[BlackFideId "13303570"]
[WhiteElo "2555"]
[BlackElo "2264"]
[Result "1-0"]
[Round "04"]
[TimeControl "180+1"]
[Date "2022.10.26"]
[WhiteClock "0:01:11"]
[BlackClock "0:00:03"]

1. e4 e5 2. Nf3 Nc6 3. Nc3 Nf6 4. d4 Bb4 5. Nxe5 Qe7 6. Qd3 Nxe5 7. dxe5 Qxe5 8. Bd2 Bxc3 9. Bxc3 Qxe4+ 10. Qxe4+ Nxe4 11. Bxg7 Rg8 12. Bd4 d5 13. O-O-O c5 14. Be3 d4 15. Bxd4 cxd4 16. Re1 Bf5 17. f3 O-O-O 18. fxe4 Rde8 19. Bd3 Be6 20. g3 Rg5 21. Rhf1 Rh5 22. Re2 a6 23. Rf4 Kc7 24. e5 Rd8 25. b3 Rd5 26. Bc4 Rdxe5 27. Rxe5 Rxe5 28. Rxd4 Bxc4 29. Rxc4+ Kd6 30. Kd2 h5 31. Kd3 b5 32. Rd4+ Kc6 33. Rf4 Rd5+ 34. Kc3 Rc5+ 35. Kb2 f5 36. Rh4 f4 37. Rxf4 Re5 38. Kc3 a5 39. Kd3 b4 40. Rh4 Rd5+ 41. Rd4 Rf5 42. Ke3 Kb5 43. h4 Re5+ 44. Kf3 Rf5+ 45. Ke3 Re5+ 46. Kd3 Rf5 47. Rf4 Rd5+ 48. Ke3 Re5+ 49. Kd4 Rc5 50. Rf2 Rc3 51. a4+ Kb6 52. Rf6+ Kb7 53. Rf5 Ka6 54. Rxh5 Rxg3 55. Rg5 Rh3 56. Rg6+ Kb7 57. Rg4 Rc3 58. Rg5 Kb6 59. Rb5+ Kc6 60. Rxa5 Rxc2 61. Rb5 Rh2 62. Rxb4 Rxh4+ 63. Kc3 Rh3+ 64. Kb2 Rh2+ 65. Ka3 Rh1 66. Rc4+ Kb6 67. Kb4 Rh5 68. Rf4 Rg5 69. Re4 Rh5 70. Re6+ Kb7 71. Kc4 Rh4+ 72. Kc5 Rh5+ 73. Kd4 Rh4+ 74. Re4 Rh3 75. Kc4 Kb6 76. b4 Rh1 77. Re6+ Kb7 78. Re7+ Kc6 79. b5+ Kb6 80. Re6+ Kb7 81. Kb4 Rb1+ 82. Ka5 Rd1 83. Re7+ Kb8 84. Ka6 Rd6+ 85. b6 Kc8 86. Re8+ Kd7 87. Rh8 Rd4 88. a5 Kc6 89. Rc8+ Kd7 90. Rc1 Rd6 91. Kb7 Rd1 92. Rc7+ Kd8 93. a6 Ra1 94. a7 Rxa7+ 95. Kxa7 1-0


[Site "https://www.chess.com"]

[Event "Titled Tuesday Blitz October 25 Late 2022"]
[White "Petrova, Irina"]
[Black "Nozdrachev, Leonid"]
[WhiteFideId "14124122"]
[BlackFideId "24113433"]
[WhiteElo "2023"]
[BlackElo "2249"]
[Result "1/2-1/2"]
[Round "04"]
[TimeControl "180+1"]
[Date "2022.10.26"]
[WhiteClock "0:00:12"]
[BlackClock "0:00:43"]

1. e4 c6 2. d4 d5 3. Nc3 dxe4 4. Nxe4 Nf6 5. Nxf6+ exf6 6. Be3 Na6 7. Bxa6 Qa5+ 8. Qd2 Qxa6 9. Ne2 Bg4 10. h3 Be6 11. O-O Be7 12. Rfe1 O-O 13. Nf4 Rad8 14. Nxe6 fxe6 15. c3 e5 16. Qc2 Qc4 17. dxe5 fxe5 18. Bxa7 Bc5 19. Bxc5 Qxc5 20. Qb3+ Rf7 21. Qc2 Rdf8 22. Rf1 g6 23. Rad1 Kg7 24. Rd2 Qc4 25. Qb3 Qf4 26. Qd1 Qc4 27. Qb3 Qf4 28. Qd1 h5 29. Rd7 Qc4 30. Rxf7+ Rxf7 31. Qb3 Qe2 32. a4 e4 33. Qb4 Rd7 34. Qb6 Kh6 35. Qe3+ Qxe3 36. fxe3 Rd3 37. Rf7 b5 38. axb5 cxb5 39. Rb7 Rd5 40. Re7 Rd1+ 41. Kh2 Rd2 42. Rxe4 Rxb2 43. Rb4 Re2 44. Rxb5 Rxe3 45. c4 Rc3 46. Rc5 h4 47. Rc8 Rc1 48. c5 Kg7 49. c6 Kh7 50. Rc7+ Kh6 51. Rc8 Kg7 52. c7 Kh7 53. Ra8 Rxc7 54. Ra4 g5 55. Ra5 Kg6 56. Ra6+ Kh5 57. Ra8 Re7 58. Rh8+ Kg6 59. Rg8+ Kf5 60. Rf8+ Ke4 61. Rg8 Re5 62. Rf8 Rf5 63. Re8+ Kf4 64. Ra8 Re5 65. Ra4+ Kf5 66. Rb4 Re4 67. Rb5+ Kf4 68. Rb8 Rd4 69. Rf8+ Ke5 70. Re8+ Kf6 71. Rf8+ Kg7 72. Rf5 Kg6 73. Ra5 Re4 74. Ra6+ Kf5 75. Ra5+ Re5 76. Ra8 Re7 77. Ra5+ Kg6 78. Ra6+ Kh5 79. Rb6 Rg7 80. g4+ hxg3+ 81. Kxg3 Rc7 82. Rb3 Rc4 83. Ra3 Rc1 84. Rb3 Rg1+ 85. Kh2 Re1 86. Kg3 Re8 87. Ra3 Rd8 88. Rb3 Rd4 89. Ra3 Rc4 90. Rb3 Ra4 91. Rc3 Rb4 92. Rd3 Rb1 93. Ra3 Rc1 94. Rb3 Kg6 95. Rb6+ Kh5 96. Rb3 1/2-1/2


[Site "https://www.chess.com"]

[Event "Titled Tuesday Blitz October 25 Late 2022"]
[White "Piesik, Piotr"]
[Black "Yeletsky, Ivan"]
[WhiteFideId "1136194"]
[BlackFideId "24180327"]
[WhiteElo "2323"]
[BlackElo "2391"]
[Result "1-0"]
[Round "04"]
[TimeControl "180+1"]
[Date "2022.10.26"]
[WhiteClock "0:01:33"]
[BlackClock "0:01:06"]

1. Nf3 c6 2. g3 g6 3. Bg2 Bg7 4. O-O e5 5. e4 d6 6. d4 Nd7 7. dxe5 dxe5 8. Qe2 Ngf6 9. b3 O-O 10. a4 Qc7 11. Nbd2 b6 12. Bb2 a5 13. Rfd1 Ba6 14. Qe1 Rfe8 15. Bf1 Bxf1 16. Kxf1 Nc5 17. Kg2 b5 18. Bc3 Bh6 19. Qe2 Kg7 20. Bb2 Rab8 21. Ba3 Ne6 22. Nf1 Nd7 23. Bd6 Qb7 24. Bxb8 Rxb8 25. axb5 cxb5 26. Rxa5 Ndc5 27. Rd5 f6 28. b4 Na4 29. Rdxb5 Qc7 30. Rxb8 Qxb8 31. Rxa4 1-0


[Site "https://www.chess.com"]

[Event "Titled Tuesday Blitz October 25 Late 2022"]
[White "Pinero Rodriguez, Carlos Jose"]
[Black "Adla, Diego"]
[WhiteFideId "3901726"]
[BlackFideId "100072"]
[WhiteElo "2146"]
[BlackElo "2377"]
[Result "0-1"]
[Round "04"]
[TimeControl "180+1"]
[Date "2022.10.26"]
[WhiteClock "0:00:02"]
[BlackClock "0:00:16"]

1. b3 e5 2. Bb2 d6 3. e3 Nf6 4. c4 g6 5. Nc3 Bg7 6. d3 O-O 7. Qc2 a5 8. a3 c6 9. Nf3 Na6 10. Be2 Re8 11. O-O h5 12. Rad1 Rb8 13. Rfe1 Qe7 14. h3 b5 15. cxb5 cxb5 16. Ne4 Bb7 17. Nfd2 Rbc8 18. Qb1 Nd7 19. Rc1 d5 20. Ng3 h4 21. Ngf1 b4 22. a4 Rxc1 23. Rxc1 Qd6 24. Qa1 d4 25. e4 Nac5 26. Qb1 Ba6 27. Ba1 f5 28. exf5 gxf5 29. Nc4 Qg6 30. Nh2 Bb7 31. Bf1 e4 32. Re1 Rf8 33. Nxa5 Bd5 34. Nc4 exd3 35. Qd1 Nf6 36. Ne5 Qh6 37. Nxd3 Nxd3 38. Bxd3 Ne4 39. Bc4 Bxc4 40. bxc4 Rd8 41. Nf3 d3 42. Bxg7 Qxg7 43. Nxh4 Qd4 44. Qf3 d2 45. Rd1 Nc3 46. Nxf5 Qf6 47. Qg4+ Kf8 48. Ne3 Nxd1 49. Qxd1 b3 50. Qxb3 Qd4 51. Qd1 Qd3 52. g3 Rb8 53. Qf3+ Ke8 54. Qc6+ Kd8 55. Qf6+ Kd7 56. Qf7+ Kc8 0-1


[Site "https://www.chess.com"]

[Event "Titled Tuesday Blitz October 25 Late 2022"]
[White "Prydun, Andriy"]
[Black "Besedes, Danilo"]
[WhiteFideId "14145898"]
[BlackFideId "946796"]
[WhiteElo "2163"]
[BlackElo "2352"]
[Result "0-1"]
[Round "04"]
[TimeControl "180+1"]
[Date "2022.10.26"]
[WhiteClock "0:00:01"]
[BlackClock "0:01:06"]

1. e4 c6 2. d4 d5 3. e5 Bf5 4. Bd3 Bxd3 5. cxd3 e6 6. Nc3 Ne7 7. Nf3 Nf5 8. O-O c5 9. dxc5 Bxc5 10. d4 Be7 11. g4 Nh4 12. Nxh4 Bxh4 13. f4 Be7 14. f5 Nc6 15. Kh1 Qb6 16. Ne2 O-O-O 17. Rb1 h5 18. g5 g6 19. f6 Bf8 20. h4 Kb8 21. b4 a6 22. Be3 Rc8 23. Rf3 Na7 24. a4 Bxb4 25. Bd2 a5 26. Bxb4 axb4 27. Rfb3 Rc4 28. Rd3 Rhc8 29. Nc1 Rc3 30. Nb3 Rxd3 31. Qxd3 Rc3 32. Qd2 Nc6 33. Nc5 Rxc5 34. dxc5 Qxc5 35. Rc1 Qd4 36. Qe1 Qxe5 37. Qxe5+ Nxe5 38. Re1 Nd7 39. Rb1 Kc7 40. Rxb4 b6 41. Kg2 Kc6 42. Rb2 Ne5 43. Ra2 Nc4 44. Re2 Kd6 45. Ra2 e5 46. Kf3 Ke6 47. Rc2 Kf5 48. Kg3 e4 49. Rf2+ Ke5 50. Ra2 d4 51. Rc2 Kd5 52. Kf4 d3 53. Ra2 Kd4 54. Ra3 e3 55. Ra1 d2 56. a5 bxa5 57. Rg1 e2 0-1


[Site "https://www.chess.com"]

[Event "Titled Tuesday Blitz October 25 Late 2022"]
[White "Przybylski, Wojciech"]
[Black "Haszon, David"]
[WhiteFideId "1117599"]
[BlackFideId "733610"]
[WhiteElo "2221"]
[BlackElo "2211"]
[Result "1-0"]
[Round "04"]
[TimeControl "180+1"]
[Date "2022.10.26"]
[WhiteClock "0:00:03"]
[BlackClock "0:00:05"]

1. d4 Nf6 2. c4 g6 3. Nc3 d5 4. cxd5 Nxd5 5. e4 Nxc3 6. bxc3 Bg7 7. Nf3 O-O 8. Be3 c5 9. Be2 cxd4 10. cxd4 Qa5+ 11. Qd2 Qxd2+ 12. Kxd2 Rd8 13. Rab1 Nc6 14. d5 e6 15. Bc4 Na5 16. Rhc1 Nxc4+ 17. Rxc4 exd5 18. exd5 Rxd5+ 19. Ke1 b6 20. Rc7 Ba6 21. Rd1 Rxd1+ 22. Kxd1 Rd8+ 23. Nd2 Ra8 24. Ne4 h6 25. Ke1 f5 26. Nd6 Rd8 27. Nf7 Rf8 28. Nxh6+ Bxh6 29. Bxh6 Re8+ 30. Kd1 Re2 31. Rxa7 Bb5 32. Be3 Bc4 33. Rc7 Ba6 34. Rc6 Rxa2 35. Rxg6+ Kf7 36. Rxb6 Bd3 37. Bd4 Be4 38. f3 Bd3 39. Bb2 Ra8 40. g3 Rd8 41. Ke1 Kg8 42. Be5 Re8 43. f4 Be4 44. Ke2 Kh7 45. Ke3 Rd8 46. Bd4 Ra8 47. g4 Ra3+ 48. Ke2 fxg4 49. Rb5 Bf3+ 50. Kf2 Ra2+ 51. Bb2 Kg6 52. Kg3 Kf7 53. h3 Bc6 54. Rb6 gxh3 55. Kxh3 Be4 56. Kg3 Ra7 57. Kg4 Bh7 58. f5 Rd7 59. Rb5 Bg8 60. Kg5 Kf8 61. Rb6 Bd5 62. Rb8+ Kf7 63. Rh8 Bc6 64. Rh7+ Kf8 65. Rh6 Kf7 66. Be5 Rb7 67. Rxc6 Kf8 68. Rc8+ Kf7 69. Rh8 Rb5 70. Rh7+ Kg8 71. Rg7+ Kf8 72. Bf6 Rb6 73. Rc7 Ra6 74. Kg6 Ra8 75. Rh7 Ra6 76. Rh8# 1-0


[Site "https://www.chess.com"]

[Event "Titled Tuesday Blitz October 25 Late 2022"]
[White "Putnam, Liam"]
[Black "Hansen, Eric"]
[WhiteFideId "30938279"]
[BlackFideId "2606771"]
[WhiteElo "2082"]
[BlackElo "2568"]
[Result "1-0"]
[Round "04"]
[TimeControl "180+1"]
[Date "2022.10.26"]
[WhiteClock "0:00:29"]
[BlackClock "0:00:07"]

1. e4 c5 2. Nf3 e6 3. d4 cxd4 4. Nxd4 a6 5. Bd3 Qc7 6. O-O d6 7. Nc3 Nd7 8. f4 Ngf6 9. Kh1 b5 10. Qd2 Bb7 11. Qe2 Nc5 12. e5 dxe5 13. fxe5 Nfd7 14. Bf4 g6 15. Rae1 Bg7 16. Ndxb5 axb5 17. Nxb5 Qc6 18. Nd6+ Kf8 19. Bb5 Qc7 20. Bg3 Kg8 21. Rxf7 Rf8 22. Ref1 h5 23. Qc4 Rxf7 24. Rxf7 Bd5 25. Qh4 Qb8 26. Rxg7+ Kxg7 27. Qe7+ Kh6 28. Bf4+ g5 29. Qxg5+ Kh7 30. Qh6+ Kg8 31. Qg6+ 1-0


[Site "https://www.chess.com"]

[Event "Titled Tuesday Blitz October 25 Late 2022"]
[White "Radovic, Luka"]
[Black "Coelho, Ramyres Santana"]
[WhiteFideId "911569"]
[BlackFideId "2120690"]
[WhiteElo "2257"]
[BlackElo "1888"]
[Result "1-0"]
[Round "04"]
[TimeControl "180+1"]
[Date "2022.10.26"]
[WhiteClock "0:00:56"]
[BlackClock "0:00:23"]

1. Nf3 Nf6 2. c4 g6 3. g3 Bg7 4. Bg2 O-O 5. O-O d6 6. d4 c6 7. Nc3 Qc7 8. e4 Nbd7 9. h3 e5 10. d5 c5 11. Ne1 Nh5 12. Nd3 a6 13. Rb1 Nhf6 14. b4 b6 15. f4 exf4 16. gxf4 Re8 17. bxc5 Nxc5 18. e5 dxe5 19. fxe5 Nh5 20. d6 Qb8 21. Nxc5 Bxe5 22. Bxa8 Qxa8 23. Qd5 Qxd5 24. Nxd5 bxc5 25. Re1 Bxh3 26. Bh6 Bd4+ 27. Kh2 Be6 28. d7 Bxd7 29. Rxe8+ Bxe8 30. Kh1 Be5 31. Re1 f6 32. Nxf6+ Nxf6 33. Rxe5 Bc6+ 34. Kg1 Ng4 35. Rxc5 Nxh6 36. Rxc6 Nf5 37. Rxa6 Kg7 38. Ra7+ Kh6 39. c5 g5 40. c6 g4 41. c7 Nd6 42. Ra8 Kh5 43. c8=Q Nxc8 44. Rxc8 Kh4 45. a4 h5 46. a5 Kg3 47. a6 h4 48. a7 h3 49. a8=Q h2+ 50. Kh1 Kh3 51. Qg2+ 1-0


[Site "https://www.chess.com"]

[Event "Titled Tuesday Blitz October 25 Late 2022"]
[White "Rengifo Blancas, Renzo Jhonathan"]
[Black "Florescu, Codrut-Constantin"]
[WhiteFideId "3807185"]
[BlackFideId "1202200"]
[WhiteElo "2058"]
[BlackElo "2191"]
[Result "0-1"]
[Round "04"]
[TimeControl "180+1"]
[Date "2022.10.26"]
[WhiteClock "0:00:01"]
[BlackClock "0:00:32"]

1. d4 Nf6 2. Nc3 d5 3. Nf3 e6 4. Bf4 a6 5. e3 c5 6. Ne5 b5 7. dxc5 Bxc5 8. Qf3 Bb7 9. Qh3 Nbd7 10. Bd3 Nxe5 11. Bxe5 Bd6 12. Bxd6 Qxd6 13. a3 Rc8 14. O-O h6 15. Rfe1 O-O 16. Rad1 Qe5 17. e4 d4 18. Ne2 Rfd8 19. f4 Qc7 20. e5 Nd5 21. Nxd4 Nxf4 22. Qg3 Rxd4 23. Bh7+ Kxh7 24. Rxd4 Ng6 25. c3 Bd5 26. h4 f5 27. h5 Ne7 28. Kh2 Qc6 29. Qh4 Qe8 30. Re3 Qf7 31. Rg3 Rg8 32. Rf4 Nc6 33. Re3 g5 34. hxg6+ Rxg6 35. g4 Qg7 36. Rg3 Qxe5 37. gxf5 Qe2+ 38. Kh3 Bg2+ 39. Kh2 Bf3+ 40. Kh3 Qf1+ 41. Kh2 Qh1# 0-1


[Site "https://www.chess.com"]